 Dungeon Crawl Stone Soup version 0.28-a0-845-gfc338a8e3c (webtiles) character file.

Game seed: 3840807551887939312

413 Zenkrye the Cudgeller (level 7, 0/52 HPs)
             Began as a Formicid Abyssal Knight on Nov 12, 2021.
             Was a Believer of Lugonu.
             Slain by a yak (11 damage)
             ... on level 5 of the Dungeon.
             The game lasted 00:09:08 (3419 turns).

Zenkrye the Cudgeller (Formicid Abyssal Knight)     Turns: 3419, Time: 00:09:09

Health: 0/52       AC: 12    Str: 20    XL:     7   Next: 14%
Magic:  11/11      EV: 10    Int:  9    God:    Lugonu [**....]
Gold:   146        SH:  0    Dex: 11    Spells: 6/6 levels left

rFire   . . .      SeeInvis +   a - +1 mace
rCold   . . .      Faith    .   (no shield)
rNeg    . . .      Spirit   .   l - +2 scale mail {rPois}
rPois   +          Reflect  .   (helmet unavailable)
rElec   .          Harm     .   (no cloak)
rCorr   .          Rampage  .   (no gloves)
Will    .....                   (no boots)
Stlth   ..........              (no amulet)
HPRegen 0.17/turn               p - +4 ring of protection
MPRegen 0.12/turn               (no ring)

@: no status effects
A: permanent stasis, dig shafts and tunnels, antennae 3, four strong arms
a: Dig, Shaft Self, Renounce Religion, Depart the Abyss, Bend Space


You were on level 5 of the Dungeon.
You worshipped Lugonu.
Lugonu was pleased with you.
You visited 1 branch of the dungeon, and saw 6 of its levels.
You visited the Abyss 1 time.

You collected 146 gold pieces.

Inventory:

Hand Weapons
 a - a +1 mace (weapon)
Missiles
 e - 23 bolts
Armour
 b - a +0 leather armour
 d - a +0 scale mail
 j - a +0 chain mail
 l - a +2 scale mail of poison resistance (worn)
Jewellery
 o - the ring "Zuon" {rC+ rCorr Str+6 Slay-5}
   (You found it on level 4 of the Dungeon)

   [ring of strength]

   Str:       It affects your strength (+6).
   Slay:      It affects your accuracy & damage with ranged weapons and melee
   (-5).
   rC:        It protects you from cold.
   rCorr:     It protects you from acid and corrosion.
 p - a +4 ring of protection (left hand)
Potions
 c - a potion of lignification
 g - 3 potions of curing {@q1}
 h - a potion of brilliance {unknown}
 k - a potion of flight {unknown}
 m - 2 potions of mutation {unknown}
 n - a potion of magic {unknown}


   Skills:
 - Level 3.3 Fighting
 + Level 5.6 Maces & Flails
 - Level 2.2 Armour
 - Level 0.9 Dodging
 + Level 5.5 Invocations


You had 6 spell levels left.
You didn't know any spells.
Your spell library contained the following spells:

 Spells                   Type           Power      Damage    Failure   Level
 Freeze                   Ice            0%         1d3       75%         1
 Frozen Ramparts          Ice            0%         1d2       98%         3
 Hailstorm                Conj/Ice       0%         3d3       100%        4
 Summon Forest            Summ/Tloc      0%         N/A       100%        5
 Summon Mana Viper        Hex/Summ       0%         N/A       100%        5
 Summon Cactus Giant      Summ           0%         N/A       100%        6


Dungeon Overview and Level Annotations

Branches:
Dungeon (6/15)
 Temple: D:4-7

Altars:

Annotations:
D:4 Edmund, Grinder, Ijyb


Innate Abilities, Weirdness & Mutations

You cannot be hasted, slowed, berserked, paralysed or teleported.
You can dig through walls and to a lower floor.
You have a pair of large antennae on your head. (SInv)
Your four strong arms can wield two-handed weapons with a shield.


Message History

The gnoll hits you from afar with a +0 spear.
The gnoll hits you with a +0 club.
The gnoll hits you from afar with a +0 spear.
The gnoll barely misses you.
You hit the gnoll.
The gnoll is moderately wounded.
The gnoll hits you with a +0 club.
The gnoll hits you from afar with a +0 spear.
The gnoll shaman calls upon its god to heal the gnoll.
The gnoll's wounds heal themselves!
The gnoll barely misses you. The gnoll hits you but does no damage.
There is a stone staircase leading up here.
You barely miss the gnoll. The gnoll hits you but does no damage.
You hit the gnoll shaman but do no damage.
You barely miss the gnoll shaman. You sock the gnoll!
The gnoll is severely wounded.
The gnoll misses you. The gnoll shaman barely misses you.
The gnoll hits you but does no damage.
The gnoll shaman calls upon its god to speed up the gnoll.
The gnoll seems to speed up.
The gnoll hits you from afar with a +0 spear.
* * * LOW HITPOINT WARNING * * *
The gnoll closely misses you.
The gnoll hits you from afar with a +0 spear.
* * * LOW HITPOINT WARNING * * *
The gnoll shaman hits you but does no damage.
You climb upwards.
The gnoll enters a dispersal trap!
The yak blinks!
The gnoll shaman blinks!
The yak blinks!
The orc blinks!
The orc wizard blinks!
The orc blinks! x2; You feel a strange sense of stasis.
You stop ascending the stairs.
The gnoll blinks!
A yak comes into view.
There is a stone staircase leading down, spattered with blood here.
The orc enters a dispersal trap!
The orc blinks!
The yak blinks!
The gnoll blinks!
The yak blinks! x2; You feel a strange sense of stasis.
The orc blinks!
The yak closely misses you. The yak gores you.
* * * LOW HITPOINT WARNING * * *
The yak gores you!
You die... #.. .# #og

.# #.. $# #.. .#
#..##.# ##.#
#####§)>#.#..Y..
......#§........
#o......Y.......
#.###..@..o.g.§.
# ####..#..Y..
#..#..... #..#
.... #..# .#<
#..# .. ... ###


You could see 3 yaks, a gnoll shaman, an orc wizard, a gnoll (fast) and 2 orcs.

Vanquished Creatures
  Eustachio (D:3)
  An orc priest (D:3)
  An iguana (D:6)
  2 orc wizards (D:3)
  9 adders
  2 worms (D:2)
  A dart slug (D:1)
  9 orcs
  7 ball pythons
  2 endoplasms
  A giant cockroach (D:1)
  6 hobgoblins
  9 jackals
  10 kobolds
  A quokka (D:1)
  4 bats
  5 frilled lizards
  4 goblins
  4 rats
79 creatures vanquished.

Vanquished Creatures (others)
  3 plants (D:4)
  4 toadstools (D:1)
7 creatures vanquished.

Grand Total: 86 creatures vanquished

Notes
Turn   | Place    | Note
-------+----------+-------------------------------------------
     0 | Abyss:1  | Zenkrye the Formicid Abyssal Knight began the quest for the
                  | Orb.
     0 | Abyss:1  | Reached XP level 1. HP: 18/18 MP: 2/2
     7 | Abyss:1  | Found a corrupted altar of Lugonu.
    38 | Abyss:1  | Noticed a small abomination
    41 | D:1      | Escaped the Abyss
   148 | D:1      | Found a faded altar of an unknown god.
   168 | D:1      | Reached XP level 2. HP: 16/24 MP: 3/3
   346 | D:1      | Reached * piety under Lugonu
   608 | D:1      | Reached XP level 3. HP: 29/29 MP: 4/4
  1142 | D:2      | Reached XP level 4. HP: 28/35 MP: 5/5
  1667 | D:2      | Reached ** piety under Lugonu
  2134 | D:3      | Reached XP level 5. HP: 32/41 MP: 7/7
  2694 | D:3      | Reached XP level 6. HP: 28/47 MP: 9/9
  2708 | D:3      | Reached skill level 5 in Maces & Flails
  3039 | D:4      | Identified the ring "Zuon" {rC+ rCorr Str+6 Slay-5}
  3043 | D:4      | Noticed Ijyb
  3096 | D:4      | Noticed an ogre
  3120 | D:4      | Noticed Edmund
  3146 | D:4      | Noticed Eustachio
  3159 | D:3      | Killed Eustachio
  3160 | D:3      | Reached skill level 5 in Invocations
  3160 | D:3      | Reached XP level 7. HP: 30/52 MP: 9/11
  3349 | D:4      | Noticed Grinder
  3374 | D:3      | You fall into a shaft and drop 3 floors!
  3377 | D:5      | Entered Level 5 of the Dungeon
  3380 | D:5      | Noticed a yak
  3380 | D:5      | Noticed a yak
  3416 | D:5      | Noticed a yak
  3419 | D:5      | Slain by a yak

Illustrated notes

Levels and vault maps discovered:
D:1:      ldierk_walled_garden_2, layout_rooms,
          hellmonk_ecumenical_altar_lost_god, minmay_tetromino_i2
D:2:      layout_rooms, serial_aquarium, aquarium_bridge_long_joined
          [aquarium_subvault_bridge, aquarium_subvault_bridge,
          aquarium_subvault_window, aquarium_subvault_wall,
          aquarium_subvault_window, aquarium_subvault_window],
          aquarium_window_fake, aquarium_window_1, aquarium_window_fake,
          aquarium_view_2g, aquarium_view_2b
D:3:      layout_rooms
D:4:      layout_basic, minmay_temple_entry_gardened_gates,
          portal_sewer_entry_d, uniq_edmund, uniq_ijyb, uniq_grinder,
          uniq_eustachio, uniq_crazy_yiuf_cottage
D:5:      layout_loops_ring, uniq_duvessa
D:6:      wander_river, layout_basic, uniq_blork_the_orc, uniq_sigmund

Skill      XL: |  1  2  3  4  5  6 |
---------------+-------------------+-----
Maces & Flails | 3 4 5 |  5.6
Invocations    | 3 4 5 |  5.5
Fighting       | |  3.3
Armour         | |  2.2
Dodging        | |  0.9

Action                   |  1- 3 |  4- 6 |  7- 9 || total
-------------------------+-------+-------+-------++-------
Melee: Mace              |    83 |   183 |    23 ||   289
Invok: Depart the Abyss  |     1 |       |       ||     1
 Abil: Shaft Self        |       |       |     1 ||     1
  Use: Scroll            |     3 |     2 |       ||     5
       Potion            |       |     1 |       ||     1
Armor: Leather armour    |    12 |       |       ||    12
       Scale mail        |    34 |    47 |    17 ||    98
       Chain mail        |     8 |    89 |       ||    97
Dodge: Dodged            |    55 |    84 |    17 ||   156

Table legend: (Time is in decaauts)
 A = Elapsed time spent in this place.
 B = Non-inter-level travel time spent in this place.
 C = Inter-level travel time spent in this place.
 D = Time resting spent in this place.
 E = Time spent auto-exploring this place.
 F = Levels seen in this place.
 G = Mean time per level.
                   A        B        C        D        E       F      G
               +--------+--------+--------+--------+--------+-----+--------+
         Total |   3488 |   3296 |    192 |    418 |   2049 |   7 |  498.3 |
       Dungeon |   3447 |   3255 |    192 |    418 |   2015 |   6 |  574.5 |
         Abyss |     41 |     41 |      0 |      0 |     34 |   1 |   41.0 |
               +--------+--------+--------+--------+--------+-----+--------+

Top non-repeatable levels by time:
     D:3: 1213 daAuts
     D:1: 1051 daAuts
     D:2: 1020 daAuts
     D:4: 114 daAuts
 Abyss:1: 41 daAuts
     D:6: 37 daAuts
     D:5: 10 daAuts
